 Dungeon Crawl Stone Soup version 0.17.0-28-g6e173f8 (webtiles) character file.

36 lucasterio the Ogre Mage (level 3, -3/31 HPs)
             Began as an Ogre Wizard on Dec 1, 2015.
             Slain by an adder (5 damage)
             ... on level 2 of the Dungeon on Dec 2, 2015.
             The game lasted 00:06:19 (1114 turns).

lucasterio the Ogre Mage (Ogre Wizard)              Turns: 1114, Time: 00:06:19

Health: -3/31      AC:  4    Str: 12    XL:     3   Next: 37%
Magic:  0/8        EV:  9    Int: 18    God:
Gold:   21         SH:  0    Dex:  8    Spells: 1 memorised, 9 levels left

rFire  . . .     SeeInvis .     k - +0 club
rCold  . . .     Clarity  .     a - +0 robe
rNeg   . . .     SustAt   .     (no shield)
rPois  .         Gourm    .     e - +1 hat
rElec  .         Spirit   .     (no cloak)
rCorr  .         Warding  .     (gloves unavailable)
rMut   .         Stasis   .     (boots unavailable)
MR     .....                    (no amulet)
Stlth  +.........               (no ring)
                                (no ring)

@: lethally poisoned (-3 -> -6), not resistant to hostile enchantments, very
unstealthy
A: unfitting armour, tough skin 1
a: no special abilities


You were on level 2 of the Dungeon.
You were hungry.

You visited 1 branch of the dungeon, and saw 2 of its levels.

You collected 21 gold pieces.

Inventory:

Hand Weapons
 b - a +0 short sword
 k - a +0 club (weapon)
 r - a +0 dagger
Armour
 a - a +0 robe (worn)
 e - a +1 hat (worn)
Jewellery
 l - a cursed ring of teleportation {unknown}
Scrolls
 f - a scroll of random uselessness {unknown}
 h - 2 scrolls of identify {unknown}
 i - 3 scrolls of blinking {unknown}
 j - a scroll of remove curse {unknown}
 o - a scroll of magic mapping {unknown}
Potions
 g - a potion of might {unknown}
 n - a potion of brilliance {unknown}
 q - 2 potions of invisibility {unknown}
Books
 c - a book of Minor Magic

   Spells                             Type                      Level
   a - Magic Dart                     Conjuration                  1
   b - Blink                          Translocation                2
   c - Call Imp                       Summoning                    2
   d - Repel Missiles                 Charms/Air                   2
   e - Slow                           Hexes                        2
   f - Conjure Flame                  Conjuration/Fire             3
   g - Mephitic Cloud                 Conjuration/Poison/Air       3
Comestibles
 d - a bread ration
 m - a beef jerky
 p - 2 chunks of flesh


   Skills:
 - Level 1.7 Dodging
 - Level 1.5 Stealth
 + Level 4.1 Spellcasting
 * Level 1.9 Conjurations
   Level 0.6 Summonings
   Level 0.6 Translocations


You had 9 spell levels left.
You knew the following spells:

 Your Spells              Type           Power        Failure   Level  Hunger
a - Magic Dart            Conj           ##..         10%         1    None


Dungeon Overview and Level Annotations

Branches:
Dungeon (2/15)

Altars:


Innate Abilities, Weirdness & Mutations

You are too large for most types of armour.
You have tough skin (AC +1).


Message History

Aim: an adder (almost dead)
The magic dart hits the adder.
The adder is almost dead.
The adder closely misses you. x2
You are too injured to fight recklessly!
You are too injured to fight recklessly!
You are too injured to fight recklessly!
You are too injured to fight recklessly!
You are too injured to fight recklessly!
You are too injured to fight recklessly!
You barely miss the adder.
The adder is almost dead.
* * * LOW HITPOINT WARNING * * *
You feel sick. The adder bites you but does no damage.
You hit the adder but do no damage.
The adder is almost dead.
The adder bites you.
* * * LOW HITPOINT WARNING * * *
The adder bites you.
You die...

.................(.
................#...
.(.................#
..................#
.......(.........###.
....................
###..................
...........S#...####
........<...@...#
##..........#..#
##.........###.#
#..........# ...
...##.#.(<#.# .... ##
#..#.....# ....
#.##.....# ...#
.....##.... .......
.....


You could see an adder.

Vanquished Creatures
  An adder (D:2)
  A giant gecko (D:1)
  3 giant cockroaches (D:1)
  2 hobgoblins (D:1)
  5 kobolds (D:1)
  3 bats
  A giant newt (D:1)
  3 goblins
  3 jackals (D:1)
  2 rats
24 creatures vanquished.

Notes
Turn   | Place    | Note
--------------------------------------------------------------
     0 | D:1      | lucasterio the Ogre Wizard began the quest for the Orb.
     0 | D:1      | Reached XP level 1. HP: 16/16 MP: 5/5
   164 | D:1      | Reached skill level 1 in Conjurations
   321 | D:1      | Reached XP level 2. HP: 24/24 MP: 0/6
   855 | D:1      | Reached skill level 4 in Spellcasting
  1060 | D:2      | Reached XP level 3. HP: 31/31 MP: 5/8
  1114 | D:2      | Slain by an adder

Action                   || total
-------------------------++-------
Melee: Club              ||    17
       Unarmed           ||     5
 Cast: Magic Dart        ||    73
